 Dungeon Crawl Stone Soup version 0.21.1-1-g345015f (webtiles) character file.

10544 wojtek the Cleaver (level 11, -8/93 HPs)
             Began as a Minotaur Fighter on July 29, 2018.
             Was an Elder of Makhleb.
             Mangled by a white ugly thing (27 damage)
             ... on level 10 of the Dungeon.
             The game lasted 00:13:49 (7467 turns).

wojtek the Cleaver (Minotaur Fighter)               Turns: 7467, Time: 00:13:50

Health: -8/93      AC: 17    Str: 25    XL:     11   Next: 37%
Magic:  15/15      EV: 11    Int:  5    God:    Makhleb [****..]
Gold:   542        SH: 11    Dex:  9    Spells: 10/10 levels left

rFire    . . .     SeeInvis .   Q - +2 war axe (vamp)
rCold    . . .     Gourm    .   c - +0 shield
rNeg     . . .     Faith    .   M - +0 plate armour
rPois    .         Spirit   .   (helmet restricted)
rElec    .         Reflect  .   G - +0 cloak
rCorr    .         Harm     .   b - +0 pair of gloves
MR       +....                  r - +0 pair of boots
Stlth    ..........             F - amulet of regeneration
HPRegen  0.65/turn              J - ring of protection from magic
MPRegen  0.14/turn              v - +3 ring of evasion

@: no status effects
A: retaliatory headbutt, horns 2
a: Minor Destruction, Lesser Servant of Makhleb, Major Destruction, Renounce
Religion


You were on level 10 of the Dungeon.
You worshipped Makhleb.
Makhleb was greatly pleased with you.
You were not hungry.

You visited 2 branches of the dungeon, and saw 11 of its levels.

You collected 542 gold pieces.

Inventory:

Hand Weapons
 a - a +0 war axe
 Q - a +2 vampiric war axe (weapon)
Armour
 b - a +0 pair of gloves (worn)
 c - a +0 shield (worn)
 r - a +0 pair of boots (worn)
 G - a +0 cloak (worn)
 I - the +5 chain mail "Lacudimy" {rC+ Int-3 Dex+4, unknown}
   (You found it on level 7 of the Dungeon)

   It affects your intelligence (-3).
   It affects your dexterity (+4).
   It protects you from cold.
 M - a +0 plate armour (worn)
Jewellery
 q - an uncursed ring of positive energy
 v - a +3 ring of evasion (right hand)
 F - an amulet of regeneration (around neck)
 H - a +3 ring of strength
 J - a ring of protection from magic (left hand)
Wands
 A - a wand of polymorph (18)
 K - a wand of scattershot (1)
Scrolls
 e - a scroll of magic mapping {unknown}
 i - 5 scrolls of remove curse {unknown}
 j - 2 scrolls of fear {unknown}
 k - 8 scrolls of teleportation {unknown}
 l - 3 scrolls of random uselessness {unknown}
 m - a scroll of enchant armour {unknown}
 n - 13 scrolls of identify {unknown}
 s - 2 scrolls of fog {unknown}
 y - a scroll of noise {unknown}
 B - a scroll of brand weapon {unknown}
 C - 3 scrolls of enchant weapon {unknown}
 D - 5 scrolls of immolation {unknown}
Potions
 d - a potion of might
 g - 3 potions of degeneration {unknown}
 h - 8 potions of curing {unknown}
 p - a potion of haste {unknown}
 t - 2 potions of agility {unknown}
 u - 2 potions of lignification {unknown}
 w - 3 potions of flight {unknown}
 x - a potion of invisibility {unknown}
 z - a potion of brilliance {unknown}
 E - a potion of mutation {unknown}
 L - a potion of cancellation {unknown}
 N - a potion of magic {unknown}
 O - a potion of heal wounds {unknown}
Books
 P - the Tome of Frigorific Necromancy
   (You found it on level 8 of the Dungeon)

   Spells                             Type                      Level
   a - Summon Ice Beast               Ice/Summoning                4
   b - Dispel Undead                  Necromancy                   5
   c - Borgnjor's Vile Clutch         Necromancy/Earth             5
   d - Simulacrum                     Ice/Necromancy               6
Comestibles
 f - 27 rations
 o - 11 chunks of flesh


   Skills:
 + Level 7.7 Fighting
 * Level 11.8 Axes
 + Level 7.6 Armour
 + Level 5.9 Dodging
 + Level 7.5 Shields
 * Level 7.9 Invocations
 * Level 5.8 Evocations


You had 10 spell levels left.
You didn't know any spells.

Dungeon Overview and Level Annotations

Branches:
Dungeon (10/15)            Temple (1/1) D:6            Lair (0/6) D:8
    Orc (0/2) D:10

Altars:
Ashenzari
Cheibriados
Dithmenos
Elyvilon
Fedhas
Gozag
Hepliaklqana
Kikubaaqudgha
Makhleb
Nemelex Xobeh
Okawaru
Qazlal
Ru
Sif Muna
Trog
Uskayaw
Vehumet
Wu Jian
Xom
Yredelemnul
Zin
The Shining One
Beogh


Innate Abilities, Weirdness & Mutations

You reflexively headbutt those who attack you in melee.
You have a pair of horns on your head.


Message History

Unknown command.
You are too injured to fight recklessly!
Unknown command.
Your shield and plate armour prevent you from hitting the centaur warrior.
The centaur warrior is heavily wounded.
You closely miss the white ugly thing. You hit the manticore but do no damage.
You block the manticore's attack.
The manticore claws you but does no damage.
You block the manticore's attack. You block the centaur warrior's attack.
You block the white ugly thing's attack.
Your shield and plate armour prevent you from hitting the centaur warrior.
You headbutt the centaur warrior!
The centaur warrior is severely wounded.
You hit the manticore. You hit the white ugly thing.
You feel better. You block the manticore's attack. x2
The manticore claws you but does no damage.
You block the centaur warrior's attack. The white ugly thing stings you!
* * * LOW HITPOINT WARNING * * *
The white ugly thing freezes you!!
You die...

#..........
#..........
#..........
#.(........
#..........
#..........
###.Hcu...... .
.. ##....@.......
.###.
#..#.....(.......
....
#..#.....(.......
...
#........(.......
#.###
.#.....(....##.
....##
#...)(#....#
.....#
##...##...##
.....#########.#
..##
...............#
.[#


You could see a white ugly thing, a centaur warrior and a manticore.

Vanquished Creatures
  2 two-headed ogres
  The ghost of wojtek the Cleaver, a novice MiFi of Makhleb (D:7)
  Pikel (D:5)
  A centaur skeleton (D:8)
  3 trolls
  A hippogriff (D:8)
  3 yaks (D:9)
  A basilisk (D:8)
  Menkaure (D:6)
  5 orc warriors
  4 porcupines (D:8)
  2 eyes of draining
  2 ice beasts
  2 phantoms (D:5)
  3 sky beasts
  3 black bears (D:8)
  A slave (D:5)
  2 wolves (D:8)
  2 centaurs (D:8)
  4 ogres
  2 crocodiles (D:8)
  A big kobold (D:9)
  7 bullfrogs
  A wyvern skeleton (D:6)
  3 scorpions
  4 killer bees (D:5)
  2 electric eels (D:8)
  2 howler monkeys
  A crimson imp (D:9)
  9 orc wizards
  2 bullfrog zombies
  2 hounds
  5 jellies
  6 orc priests
  4 iguanas
  Jessica (D:2)
  A bullfrog skeleton (D:9)
  13 worker ants
  A hound skeleton (D:7)
  4 gnolls (D:2)
  19 adders
  A shadow imp (D:10)
  7 oozes
  2 worms (D:2)
  4 dart slugs
  6 leopard geckos
  33 orcs
  6 bats
  5 giant cockroaches
  6 goblins
  6 hobgoblins
  14 jackals
  4 quokkas
  10 frilled lizards
  A jackal skeleton (D:4)
  10 kobolds
  A quokka skeleton (D:7)
  A quokka zombie (D:9)
  7 rats
258 creatures vanquished.

Vanquished Creatures (collateral kills)
  The ghost of wojtek the Cleaver, a novice MiFi of Makhleb (D:9)
  Urug (D:10)
  A deep elf mage (D:10)
  A cyclops (D:9)
  An orc warrior (D:10)
  A bullfrog (D:10)
  A gnoll sergeant (D:10)
  2 orc priests (D:10)
  A worker ant (D:9)
  3 gnolls (D:10)
  An adder (D:9)
  3 orcs (D:10)
17 creatures vanquished.

Vanquished Creatures (others)
  A slave (D:5)
  A worker ant (D:5)
  An adder (D:5)
  An orc (D:5)
4 creatures vanquished.

Grand Total: 279 creatures vanquished

Notes
Turn   | Place    | Note
-------+----------+-------------------------------------------
     0 | D:1      | wojtek the Minotaur Fighter began the quest for the Orb.
     0 | D:1      | Reached XP level 1. HP: 19/19 MP: 0/0
    71 | D:1      | Reached skill level 3 in Axes
   197 | D:1      | Reached XP level 2. HP: 26/26 MP: 1/1
   303 | D:1      | Reached skill level 4 in Axes
   412 | D:1      | Reached XP level 3. HP: 30/31 MP: 2/2
   803 | D:2      | Reached skill level 5 in Axes
   806 | D:2      | Noticed Jessica
   811 | D:2      | Killed Jessica
   811 | D:2      | Reached XP level 4. HP: 37/39 MP: 3/3
  1104 | D:2      | Reached skill level 6 in Axes
  1137 | D:2      | Reached XP level 5. HP: 43/45 MP: 4/4
  1323 | D:2      | Found a deep blue altar of Sif Muna.
  1740 | D:3      | Found a snail-covered altar of Cheibriados.
  1744 | D:3      | Reached skill level 7 in Axes
  1805 | D:3      | You fall through a shaft for 3 floors!
  1805 | D:6      | Found a hide-covered altar of Uskayaw.
  1812 | D:6      | Found an iron altar of Okawaru.
  1837 | D:6      | Found an opulent altar of Gozag.
  1929 | D:6      | Found a staircase to the Ecumenical Temple.
  1942 | Temple   | Entered the Ecumenical Temple
  2036 | Temple   | Became a worshipper of Makhleb the Destroyer
  2120 | D:5      | Entered Level 5 of the Dungeon
  2122 | D:5      | Noticed a phantom
  2123 | D:5      | Reached XP level 6. HP: 38/52 MP: 5/5
  2130 | D:6      | Reached skill level 1 in Invocations
  2240 | D:5      | Reached skill level 1 in Dodging
  2413 | D:4      | Reached XP level 7. HP: 59/59 MP: 7/7
  2839 | D:4      | Reached skill level 8 in Axes
  3497 | D:5      | Reached XP level 8. HP: 63/67 MP: 9/9
  3538 | D:4      | Reached * piety under Makhleb
  3726 | D:5      | Noticed Pikel
  3736 | D:5      | Killed Pikel
  3736 | D:5      | Reached skill level 5 in Fighting
  3736 | D:5      | Reached skill level 9 in Axes
  3736 | D:5      | Reached skill level 5 in Armour
  3736 | D:5      | Reached skill level 5 in Shields
  4303 | D:6      | Noticed Menkaure
  4308 | D:6      | Killed Menkaure
  4308 | D:6      | Reached skill level 1 in Evocations
  4327 | D:6      | Reached XP level 9. HP: 73/74 MP: 11/11
  4379 | D:6      | Reached skill level 5 in Invocations
  4710 | D:7      | Noticed wojtek's ghost (novice MiFi)
  4729 | D:7      | Killed wojtek's ghost
  4729 | D:7      | Reached skill level 10 in Axes
  4770 | D:7      | Reached ** piety under Makhleb
  4963 | D:7      | Got a distressingly furry chain mail
  5347 | D:8      | Reached XP level 10. HP: 76/84 MP: 13/13
  5423 | D:8      | Identified the Tome of Frigorific Necromancy
  5450 | D:8      | Reached *** piety under Makhleb
  5535 | D:8      | Found a staircase to the Lair.
  5566 | D:8      | Found a radiant altar of Vehumet.
  5625 | D:8      | Reached skill level 5 in Dodging
  5823 | D:8      | Reached skill level 11 in Axes
  6140 | D:9      | Noticed wojtek's ghost (novice MiFi)
  6142 | D:9      | Noticed a two-headed ogre
  6162 | D:8      | Killed a two-headed ogre
  6284 | D:9      | Killed wojtek's ghost
  6284 | D:9      | Reached skill level 5 in Evocations
  6439 | D:9      | Noticed a cyclops
  6446 | D:9      | Killed a cyclops
  6450 | D:9      | Reached XP level 11. HP: 67/92 MP: 12/15
  6545 | D:9      | Noticed a two-headed ogre
  6557 | D:9      | Killed a two-headed ogre
  6942 | D:10     | Entered Level 10 of the Dungeon
  6981 | D:10     | Noticed Urug
  7003 | D:10     | Killed Urug
  7053 | D:10     | Noticed a deep elf mage
  7063 | D:10     | Killed a deep elf mage
  7182 | D:10     | Found a staircase to the Orcish Mines.
  7195 | D:10     | Found a roughly hewn altar of Beogh.
  7357 | D:10     | Reached **** piety under Makhleb
  7454 | D:10     | Noticed a centaur warrior
  7457 | D:10     | Noticed a white ugly thing
  7467 | D:10     | Mangled by a white ugly thing

Skill      XL: |  1  2  3  4  5  6  7  8  9 10 |
---------------+-------------------------------+-----
Axes           | 3 4 5 6 7 8 9 10 11 | 11.8
Invocations    | 2 3 4 6 7 |  7.9
Dodging        | 1 2 3 4 5 |  5.9
Fighting       | 4 5 6 7 |  7.7
Armour         | 4 5 6 7 |  7.6
Shields        | 4 5 6 7 |  7.5
Evocations     | 1 3 5 |  5.8

Action                   |  1- 3 |  4- 6 |  7- 9 | 10-12 || total
-------------------------+-------+-------+-------+-------++-------
Melee: War axe           |    76 |   114 |   325 |   282 ||   797
       Headbutt          |     5 |    14 |    52 |    74 ||   145
Invok: Lesser Servant of |       |       |       |     7 ||     7
Evoke: Wand              |       |       |     1 |     3 ||     4
  Eat: Chunk             |       |     5 |    10 |     6 ||    21
       Ration            |       |       |       |     2 ||     2
Armor: Scale mail        |    47 |    22 |       |       ||    69
       Chain mail        |       |    31 |   100 |       ||   131
       Plate armour      |       |       |    35 |   140 ||   175
Dodge: Dodged            |    29 |    24 |    81 |   129 ||   263
Block: Shield            |    40 |    52 |   154 |   157 ||   403
